cohdb
Replays
Latest Replays
All Replays
Popular Replays
Top Player Replays
Match Explorer
How It Works
Community
CoH3 Stats
Reddit
Sign in to upload your games and track your stats! →
Sign in with Steam
BritsBritsBritsBrits
Match 12639873
Overview
Messages
Build Orders
End
Construct Barracks
Selects Special Operations Battlegroup
Selects Special Operations Battlegroup
Selects M29 Weasel Recon Vehicle
M29 Weasel Recon Vehicle
Riflemen Squad
Riflemen Squad
Riflemen Squad
Riflemen Squad
Infantry Support Center
M1918 Browning Automatic Rifles
Riflemen Squad
Construct Medical Station
Selects P-47 Strafing Runs
P-47 Strafing Runs
Construct Motor Pool
Grenade Package
P-47 Strafing Runs
Survival Training
Engineer Squad
Selects M4A1 Sherman Whizbang
Construct Tank Depot
B L U E S KI D R O W
Ark Royal
Dr. Jekyll
PutPut-AusarTheVile
0
0
Comments
sign in to comment!
No comments posted yet!